 Dungeon Sprint DCSS version 0.27-a0-1101-ge311f74bc8 (webtiles) character file.

Game seed: 14009628572394068663

724 HendSelp the Basher (level 7, -12/75 HPs)
             Began as a Gargoyle Fighter on Apr 28, 2021.
             Was an Initiate of Trog.
             Mangled by a sun demon (15 damage)
             ... summoned by a kobold demonologist
             ... in the Dungeon (Sprint I: "Red Sonja").
             The game lasted 00:02:16 (1023 turns).

HendSelp the Basher (Gargoyle Fighter)              Turns: 1023, Time: 00:02:17

Health: -12/75     AC: 13    Str: 22      XL:     7   Next: 71%
Magic:  7/7        EV:  9    Int:  6 (8)  God:    Trog [......]
Gold:   405        SH: 11    Dex:  9      Spells: 6/6 levels left

rFire    . . .     SeeInvis .   a - +1 flail
rCold    . . .     Faith    .   c - +0 kite shield
rNeg     + . .     Spirit   .   b - +0 scale mail
rPois    ∞         Reflect  .   (no helmet)
rElec    +         Harm     .   (no cloak)
rCorr    .         Rampage  .   (no gloves)
Will     .....     NoTele   +   (no boots)
Stlth    ..........             (no amulet)
HPRegen  0.22/turn              (no ring)
MPRegen  0.10/turn              (no ring)

@: mighty, berserking, very quick
A: AC +4, negative energy resistance 1, electricity resistance, torment
resistance 1, unbreathing 1, petrification resistance
a: Renounce Religion


You were in the Dungeon.
You worshipped Trog.
Trog was noncommittal.
You visited 1 branch You collected 405 gold pieces.

Inventory:

Hand Weapons
 a - a +1 flail (weapon)
Armour
 b - a +0 scale mail (worn)
 c - a +0 kite shield (worn)
Wands
 e - a wand of flame (22)
 k - a wand of iceblast (11)
Potions
 g - a potion of haste
 h - 2 potions of magic


   Skills:
 + Level 8.8 Fighting
 + Level 9.8 Maces & Flails
 + Level 9.5 Armour
 + Level 1.9 Dodging
 + Level 0.6 Stealth
 + Level 8.3 Shields


You had 6 spell levels left.
You didn't know any spells.
Your spell library was empty.

Dungeon Overview and Level Annotations

Branches:
Dungeon (1/1)

Altars:
Cheibriados
Dithmenos
Elyvilon
Fedhas
Gozag
Hepliaklqana
Kikubaaqudgha
Makhleb
Nemelex Xobeh
Okawaru
Qazlal
Ru
Sif Muna
Trog
Uskayaw
Vehumet
Wu Jian
Xom
Yredelemnul
Zin
The Shining One
Jiyva
Lugonu

Shops:
D *


Innate Abilities, Weirdness & Mutations

Your stone body is resilient. (AC +4)
You are immune to poison.
You resist negative energy. (rN+)
You are resistant to electric shocks. (rElec)
You are resistant to unholy torment.
You can survive without breathing.
You are immune to petrification.


Message History

You are engulfed in flames!
* * * LOW HITPOINT WARNING * * *
You block the shadow imp's attack.
The kobold demonologist gestures wildly while chanting.
The shadow imp closely misses you.
The kobold demonologist gestures wildly while chanting.
There is an open door here.
Blink to where?
Press: ? - help, Dir - move target
As you read the scroll of blinking, it crumbles to dust.
Which direction?
You close the door.
You close the door.
A sun demon opens the door.
There are monsters nearby!
You block the sun demon's attack. The neqoxec gestures at you.
You feel dopey. Something feeds on your intellect!
There is an open door here.
The sixfirhy barely misses you.
The kobold demonologist miscasts a cantrip.
Unknown command.
You open the door. You block the sixfirhy's attack.
The sixfirhy closely misses you.
The sixfirhy hits you but does no damage.
The shadow imp puffs mist at you.
Unknown command.
Unknown command.
Unknown command.
Unknown command.
Unknown command.
Unknown command.
You feel very mighty all of a sudden. You block the sun demon's attack.
Unknown command.
A red film seems to cover your vision as you go berserk!
You feel yourself moving faster!
You feel mighty! The sun demon hits you!!
* * * LOW HITPOINT WARNING * * *
You are engulfed in flames!
You die...

##########################
#<.#..)..#..'..#K_#5.5.55#
#..').#..').#.@33K5.4#.5.#
#..#####'#####'#3_####545+
#..####..#...#.#### ####
#..#__####..##.#
#..#_____##'#_.+
#⌠⌠#_.∩...'..._#
####_..__##_.#'#
#_____###+#.# ####### ###


You could see a sun demon (summoned), an orange demon (summoned), 2 kobold
demonologists, a sixfirhy (summoned), a neqoxec (summoned), a quasit (summoned),
a white imp (summoned) and a shadow imp (summoned).

Vanquished Creatures
  A slime creature (D)
  Sigmund (D)
  A yak (D)
  A floating eye (D)
  An ogre (D)
  A jelly (D)
  Ijyb (D)
7 creatures vanquished.

Notes
Turn   | Place    | Note
-------+----------+-------------------------------------------
     0 | D        | HendSelp the Gargoyle Fighter began the quest for the Orb.
     0 | D        | Reached XP level 1. HP: 14/14 MP: 1/1
     2 | D        | Noticed Ijyb
    27 | D        | Killed Ijyb
    28 | D        | Reached XP level 2. HP: 13/20 MP: 2/2
    28 | D        | Reached XP level 3. HP: 16/24 MP: 3/3
   123 | D        | Noticed an ogre
   129 | D        | Killed an ogre
   130 | D        | Reached skill level 5 in Fighting
   130 | D        | Reached skill level 5 in Maces & Flails
   130 | D        | Reached skill level 5 in Armour
   130 | D        | Reached XP level 4. HP: 10/32 MP: 4/4
   331 | D        | Noticed Sigmund
   337 | D        | HP: 1/32 [something (8)]
   354 | D        | Killed Sigmund
   355 | D        | Reached XP level 5. HP: 8/38 MP: 5/5
   355 | D        | Reached XP level 6. HP: 10/44 MP: 6/6
   608 | D        | Found an ornate altar of the Wu Jian Council.
   608 | D        | Found a shimmering blue altar of Sif Muna.
   610 | D        | Found a radiant altar of Vehumet.
   617 | D        | Reached skill level 1 in Dodging
   655 | D        | Found Tuylegaz's General Store.
   655 | D        | Found an ancient bone altar of Kikubaaqudgha.
   655 | D        | Found a hazy altar of Hepliaklqana.
   655 | D        | Found a stormy altar of Qazlal.
   655 | D        | Found a hide-covered altar of Uskayaw.
   655 | D        | Found a blossoming altar of Fedhas.
   655 | D        | Found a bloodstained altar of Trog.
   655 | D        | Found an iron altar of Okawaru.
   655 | D        | Found a basalt altar of Yredelemnul.
   655 | D        | Found a glowing golden altar of the Shining One.
   655 | D        | Found a snail-covered altar of Cheibriados.
   655 | D        | Found a sacrificial altar of Ru.
   655 | D        | Found a glowing silver altar of Zin.
   655 | D        | Found a shadowy altar of Dithmenos.
   655 | D        | Found a white marble altar of Elyvilon.
   655 | D        | Noticed a yak
   661 | D        | Killed a yak
   662 | D        | Reached XP level 7. HP: 37/49 MP: 7/7
   663 | D        | Found an opulent altar of Gozag.
   681 | D        | Found a sparkling altar of Nemelex Xobeh.
   687 | D        | Became a worshipper of Trog the Wrathful
   704 | D        | Found a burning altar of Makhleb.
   704 | D        | Found a viscous altar of Jiyva.
   704 | D        | Found a shimmering altar of Xom.
   704 | D        | Found a corrupted altar of Lugonu.
   704 | D        | Noticed a slime creature
   720 | D        | Killed a slime creature
   996 | D        | Noticed a kobold demonologist
   996 | D        | Noticed a kobold demonologist
  1002 | D        | Paralysed by a floating eye for 2 turns
  1007 | D        | Noticed a sun demon
  1010 | D        | Noticed a sixfirhy
  1012 | D        | Noticed an orange demon
  1016 | D        | Noticed a neqoxec
  1023 | D        | HP: 3/75 [sun demon[a kobold demonologist] (20)]
  1023 | D        | Mangled by a sun demon

Illustrated notes

Levels and vault maps discovered:
D:        dungeon_sprint_1 [red_sonja_temple_1, red_sonja_temple_small_1]

Skill      XL: |  1  2  3  4  5  6  7 |
---------------+----------------------+-----
Fighting       | 4 5 7 8 |  8.8
Maces & Flails | 3 5 7 8 9 |  9.8
Armour         | 4 5 7 8 9 |  9.5
Shields        | 4 6 7 8 |  8.3
Dodging        | 1 |  1.9
Stealth        | |  0.6

Action                   |  1- 3 |  4- 6 |  7- 9 || total
-------------------------+-------+-------+-------++-------
Melee: Flail             |    29 |    31 |    28 ||    88
  Use: Potion            |       |     2 |     2 ||     4
       Scroll            |       |       |     2 ||     2
Armor: Scale mail        |    17 |    15 |    12 ||    44
Dodge: Dodged            |     7 |     3 |     8 ||    18
Block: Kite shield       |    11 |     4 |    12 ||    27

Table legend: (Time is in decaauts)
 A = Elapsed time spent in this place.
 B = Non-inter-level travel time spent in this place.
 C = Inter-level travel time spent in this place.
 D = Time resting spent in this place.
 E = Time spent auto-exploring this place.
 F = Levels seen in this place.
 G = Mean time per level.
                   A        B        C        D        E       F      G
               +--------+--------+--------+--------+--------+-----+--------+
         Total |   1049 |   1049 |      0 |    801 |      0 |   1 | 1049.0 |
       Dungeon |   1049 |   1049 |      0 |    801 |      0 |   1 | 1049.0 |
               +--------+--------+--------+--------+--------+-----+--------+

Top non-repeatable levels by time:
       D: 1049 daAuts
